[Event "Indian Rapid Championship 2023-24"]
[Site "Nashik"]
[Date "2024.03.04"]
[Round "1.1"]
[White "Bartakke Aditya"]
[Black "Mitrabha, Guha"]
[Result "1/2-1/2"]
[ECO "C01"]
[WhiteElo "1843"]
[BlackElo "2526"]
[Annotator "TA"]
[PlyCount "79"]
[EventDate "2024.03.02"]
[EventType "swiss"]
[EventCountry "IND"]
[SourceTitle "playchess.com"]
[Source "ChessBase"]
[SourceQuality "1"]
[TimeControl "900+10"]

1. e4 e6 2. d4 d5 3. Bd3 c5 4. exd5 exd5 5. Nf3 c4 6. Be2 Nf6 7. O-O Bd6 8. b3 {[%emt 0:00:17] White has an edge.} cxb3 $1 9. axb3 O-O 10. c4 Nc6 11. Bg5 h6 12. Bh4 g5 13. Bg3 Bxg3 14. hxg3 dxc4 15. Bxc4 (15. bxc4 g4 16. Nfd2 Qxd4 $17 (16... Nxd4 17. Bd3 $17)) 15... g4 16. Ne5 (16. d5 $5) 16... Nxd4 (16... Qxd4 $11 17. Qxd4 Nxd4) 17. Qd2 $16 Kg7 {[%emt 0:02:26] [#]} (17... Nf5 $142) 18. Rd1 ({White should play} 18. Nxf7 $1 $16 Nf3+ (18... Rxf7 $2 19. Bxf7 Bf5 20. Ra4 $18) 19. gxf3 Qxd2 20. Nxd2) 18... Ne6 (18... Nc6 $14 19. Qc1 Qc7 20. Nxc6 bxc6) 19. Qe2 {[%emt 0:01:23] White is much more active.} (19. Nd3 $16) 19... Qe7 (19... Nd4 $11 20. Qd2 (20. Qb2 Nf3+ 21. gxf3 Qxd1+ $17) 20... Nc6) 20. Nxg4 Nxg4 21. Qxg4+ Qg5 22. Qe4 Qf6 {[%emt 0:00:09] Repels Nc3} 23. Ra5 Ng5 24. Qe3 {[%emt 0:00:30][%cal Ob1c3] aiming for Nc3!} Bg4 25. f3 Rfe8 26. Qc3 Be6 27. Bxe6 (27. Qxf6+ $14 Kxf6 28. Nc3) 27... Rxe6 $11 28. Rf5 Qxc3 29. Nxc3 Re3 30. Nd5 Rxb3 31. Nc7 Rc8 32. Rd7 Rc3 33. Nd5 Rc1+ 34. Kh2 {[%emt 0:00:02][%cal Of3f4][%mdl 1024] White has compensation.} R8c2 $2 {[%emt 0:00:45] [#]} (34... Rb1 $11) 35. f4 $2 ({Only move:} 35. g4 $1 $18 {[%cal Of3f4] f4! is the strong threat.} Rd2 36. f4 Rxd5 37. Rdxd5 (37. Rfxd5 Ne4 $18)) 35... Nf3+ {[%emt 0:06:26] The position is equal.} 36. Kh3 Rh1+ 37. Kg4 Nh2+ ({Worse is} 37... Rxg2 38. Rfxf7+ (38. Kxf3 Rxg3+ 39. Kxg3 Rg1+ 40. Kf2 Rg4 41. Rdxf7+ Kg8 42. Ne7+ Kh8 43. R5f6 Rxf4+ 44. Rxf4 h5 45. Rc4 b6 46. Rc8#) 38... Kg8 39. Nf6+ Kh8 40. Rh7#) 38. Kh3 Nf1+ 39. Kg4 Nh2+ ({Weaker is} 39... Rxg2 40. Rfxf7+ (40. Rdxf7+ Kg8 41. Ne7+ Kh8 42. Rf8+ Kh7 43. R5f7#) 40... Kg8 41. Nf6+ Kh8 42. Rh7#) 40. Kh3 {[%emt 0:00:02] Weighted Error Value: White=0.24 (precise) /Black=0.24 (precise) .  Loses game:     	---       	Black=1      Missed win:     	White=1     	---        Mistake:       	White=3     	Black=4      Inaccurate:     	White=1     	Black=1      OK:         	White=11    	Black=16     Best:        	White=1     	Black=3      Strong:       	---       	Black=1} 1/2-1/2

[Event "Indian Rapid Championship 2023-24"]
[Site "Nashik"]
[Date "2024.03.04"]
[Round "1.2"]
[White "Ghosh, Diptayan"]
[Black "Jess Ruchandani"]
[Result "1-0"]
[ECO "D45"]
[WhiteElo "2559"]
[BlackElo "1733"]
[Annotator "TA"]
[PlyCount "87"]
[EventDate "2024.03.02"]
[EventType "swiss"]
[EventCountry "IND"]
[SourceTitle "playchess.com"]
[Source "ChessBase"]
[SourceQuality "1"]
[TimeControl "900+10"]

1. Nf3 d5 2. e3 Nf6 3. c4 c6 4. Nc3 e6 5. d4 Nbd7 6. Be2 Bd6 7. O-O O-O 8. b3 Re8 9. Bb2 e5 (9... b6 $11) 10. dxe5 Nxe5 11. cxd5 Qe7 {[%emt 0:04:49] White is better.} 12. dxc6 Nxc6 13. Nd5 Nxd5 14. Qxd5 Be6 15. Qh5 f6 {[%emt 0:02:15] Repels Ng5} 16. Rfd1 Rad8 17. Qh4 {[%emt 0:00:44] White is more active.} Bf5 18. Qh5 (18. g3 $16) 18... Bg6 (18... Be6 $1 $11) 19. Qg4 $16 Kh8 20. Nh4 Be4 21. Bf3 Bxf3 22. Qxf3 Be5 23. Bxe5 Nxe5 24. Qe2 Qc7 25. Nf5 Qa5 26. h4 Nf7 {[%emt 0:00:07] Prevents Nd6} (26... g6 $16 {was called for.}) 27. Qg4 {[%emt 0:00:11][%csl Gf5][%cal Rg4g7] [#]} g6 28. Nd4 Ne5 29. Qf4 $40 {[%emt 0:00:02][%mdl 128] White attacks with force.} Qb6 30. Rac1 Kg7 {[%emt 0:00:10] [#]} 31. h5 $1 Re7 32. Rc3 Kf7 (32... Nc6 $16 33. Rcd3 Nxd4 34. Rxd4 Rxd4 35. Rxd4 g5) 33. Rdc1 $18 Red7 (33... Qd6 $142 34. a4 a6) 34. Qh4 g5 35. Qe4 Kg7 (35... Kg8 36. Rc8 h6) 36. Qf5 Re7 {[%emt 0:00:13] Prevents Ne6+.} 37. Rc8 (37. h6+ $142 Kg8 38. Rc8) 37... Rxc8 38. Rxc8 {[%emt 0:00:02] f4 is the strong threat.} Nf7 39. Qd5 {[%emt 0:00:17] Black is weak on the light squares} (39. Qd7 $142 Qxd4 40. Qxd4) 39... Re5 40. Qd7 {[%emt 0:00:10][%cal Oh5h6] White threatens h6+! and mate.} Qa5 41. Rc7 ({Weaker is} 41. Qxb7 Qe1+ 42. Kh2 Qxf2 $16) (41. h6+ $142 Kxh6 42. Qxf7 Rxe3 43. Qxf6+ Kh5 44. Qf7+ (44. fxe3 Qe1+ 45. Qf1 Qxe3+ 46. Qf2 Qxf2+ 47. Kxf2 Kg6 $18) 44... Kh6 45. Nf5+ (45. fxe3 Qe1+ 46. Qf1 Qxe3+ 47. Qf2 Qxf2+ 48. Kxf2 Kg6 $18) 45... Qxf5 46. Qxf5) 41... Qe1+ 42. Kh2 {[%emt 0:00:02] White mates.} Qxf2 43. Qxf7+ Kh6 44. Qxh7# {[%emt 0:00:02] Weighted Error Value: White=0.33/Black=0.65.  Mistake:       	White=1     	Black=5      Inaccurate:     	---       	Black=5      OK:         	White=12    	Black=4} 1-0

[Event "Indian Rapid Championship 2023-24"]
[Site "Nashik"]
[Date "2024.03.04"]
[Round "1.3"]
[White "Patil Akshaj"]
[Black "Sengupta, Deep"]
[Result "1-0"]
[ECO "B08"]
[WhiteElo "1756"]
[BlackElo "2500"]
[Annotator "RC"]
[PlyCount "113"]
[EventDate "2024.03.02"]
[EventType "swiss"]
[EventCountry "IND"]
[SourceTitle "playchess.com"]
[Source "ChessBase"]
[SourceQuality "1"]
[TimeControl "900+10"]

1. e4 d6 2. d4 Nf6 3. Nc3 g6 4. Be3 Bg7 5. Qd2 c6 6. h3 b5 7. Bd3 O-O 8. Nf3 Nbd7 9. O-O Nb6 10. Rfe1 Nfd7 11. Bh6 e5 12. Rad1 a6 13. Bf1 Qe7 14. a3 Re8 15. b3 Nf8 16. Be3 Rb8 17. g3 Ne6 18. Bg2 Nc7 19. Kh2 Be6 20. Na2 c5 21. dxc5 dxc5 22. Qd6 Qxd6 23. Rxd6 Bf8 24. Rc6 Rb7 25. Bxc5 Bxc5 26. Rxc5 f6 27. Rd1 Kf7 28. Nb4 Rc8 29. Rc3 Ke8 30. Ne1 Bd7 31. f4 a5 32. Nbd3 Na6 33. Rxc8+ Bxc8 34. fxe5 fxe5 35. Nxe5 a4 36. Nc6 Rd7 37. Rxd7 Bxd7 38. Nd4 b4 39. axb4 a3 40. c3 a2 41. Nec2 Nc7 42. Kg1 Nb5 43. Nxb5 Bxb5 44. c4 Bd7 45. Kf2 Nc8 46. Ke3 Nd6 47. Kd4 Ke7 48. b5 Nc8 49. Kc3 Kd6 50. Kb2 Ke5 51. Kxa2 Nd6 52. Kb2 Nf7 53. Kc3 Ng5 54. h4 Nxe4+ 55. Bxe4 Kxe4 56. b6 Kf3 57. b7 1-0

[Event "Indian Rapid Championship 2023-24"]
[Site "Nashik"]
[Date "2024.03.04"]
[Round "1.3"]
[White "Patil Akshaj"]
[Black "Sengupta, Deep"]
[Result "0-1"]
[ECO "C11"]
[WhiteElo "1756"]
[BlackElo "2500"]
[Annotator "ChessBase"]
[PlyCount "112"]
[EventDate "2024.03.02"]
[EventType "swiss"]
[EventCountry "IND"]
[SourceTitle "playchess.com"]
[Source "ChessBase"]
[SourceQuality "1"]
[TimeControl "900+10"]

1. e4 e6 2. d4 d5 3. Nc3 Nf6 4. e5 Nfd7 5. f4 c5 6. Nf3 Nc6 7. Be3 Be7 8. Qd2 O-O 9. dxc5 Nxc5 10. O-O-O b6 11. g4 Bb7 12. Bg2 Rc8 13. Kb1 Na5 14. Qf2 Nc4 15. Bd4 Qc7 16. Nd2 Nxd2+ 17. Rxd2 a6 18. Qe3 b5 19. f5 Kh8 20. Ne2 Ne4 21. Bxe4 dxe4 22. h4 Bc5 23. f6 Rg8 24. g5 Bxd4 25. Nxd4 Qxe5 26. Rf1 g6 27. Nb3 Bd5 28. Nd4 Rgd8 29. h5 Rd7 30. hxg6 fxg6 31. Rh1 Kg8 32. Nb3 Rdc7 33. c3 b4 34. cxb4 Bxb3 35. axb3 a5 36. Rhd1 Rf8 37. Rd7 axb4 38. Rxc7 Qxc7 39. Qxe4 Qb6 40. Re1 Re8 41. Qf4 Qb7 42. Qc4 Kf7 43. Qh4 Kg8 44. Rf1 Rf8 45. Qc4 Qd7 46. Re1 Re8 47. Qc2 Qd5 48. Rf1 Rd8 49. f7+ Kf8 50. Rc1 Qxg5 51. Qe4 Qf5 52. Qxf5 exf5 53. Rc7 f4 54. Rc4 g5 55. Rxb4 f3 56. Rb5 f2 0-1

[Event "Indian Rapid Championship 2023-24"]
[Site "Nashik"]
[Date "2024.03.04"]
[Round "1.4"]
[White "Karthik Venkataraman"]
[Black "Gaikwad, Vishal"]
[Result "1-0"]
[ECO "B08"]
[WhiteElo "2609"]
[BlackElo "1628"]
[Annotator "TA"]
[PlyCount "113"]
[EventDate "2024.03.02"]
[EventType "swiss"]
[EventCountry "IND"]
[SourceTitle "playchess.com"]
[Source "ChessBase"]
[SourceQuality "1"]
[TimeControl "900+10"]

1. e4 d6 2. d4 Nf6 3. Nc3 g6 4. Be3 Bg7 5. Qd2 c6 6. h3 b5 7. Bd3 O-O 8. Nf3 Nbd7 9. O-O Nb6 (9... Qc7 $11) 10. Rfe1 Nfd7 11. Bh6 e5 {[%emt 0:00:21] White is slightly better.} 12. Rad1 (12. Bxg7 $16 Kxg7 13. a4) 12... a6 13. Bf1 Qe7 14. a3 Re8 15. b3 Nf8 16. Be3 {[%emt 0:00:40] dxe5 is the strong threat.} Rb8 17. g3 Ne6 (17... Nfd7 $14) 18. Bg2 ({White has to play} 18. d5 $16 Nd4 19. Nxd4 exd4 20. Bxd4 Bxd4 21. Qxd4) 18... Nc7 19. Kh2 (19. dxe5 $5 dxe5 20. a4 $11) 19... Be6 (19... Bf8 $11) 20. Na2 {[%emt 0:02:38] And now dxe5 would win.} c5 21. dxc5 dxc5 22. Qd6 Qxd6 23. Rxd6 Bf8 ({Black should play} 23... Nca8 $14) 24. Rc6 $16 Rb7 25. Bxc5 Bxc5 26. Rxc5 f6 27. Rd1 Kf7 28. Nb4 Rc8 29. Rc3 {[%emt 0:00:48] White is much more active.} Ke8 (29... Bd7 $16) 30. Ne1 Bd7 31. f4 $1 a5 32. Nbd3 Na6 (32... exf4 $142 33. Nxf4 (33. gxf4 Rbb8 $16) 33... Rbb8) 33. Rxc8+ $18 Bxc8 34. fxe5 fxe5 35. Nxe5 a4 36. Nc6 Rd7 37. Rxd7 ({Don't play} 37. Nd3 $6 axb3 38. cxb3 Nc5 $16) 37... Bxd7 {[%emt 0:00:04] [#]} 38. Nd4 b4 {[%emt 0:00:00] [#]} 39. axb4 a3 (39... Nxb4 {was necessary.} 40. bxa4 Bxa4) 40. c3 a2 41. Nec2 Nc7 42. Kg1 Nb5 43. Nxb5 Bxb5 {[%emt 0:00:01][%mdl 4096] Endgame. KBN-KBN} 44. c4 Bd7 45. Kf2 Nc8 46. Ke3 Nd6 47. Kd4 Ke7 48. b5 Nc8 49. Kc3 Kd6 50. Kb2 Ke5 51. Kxa2 Nd6 52. Kb2 Nf7 53. Kc3 Ng5 54. h4 Nxe4+ 55. Bxe4 Kxe4 56. b6 {[%emt 0:00:06][%cal Bb5b6,Bb6b7][%mdl 32] White threatens b7 and mate.} Kf3 57. b7 {[%emt 0:00:02] Weighted Error Value: White=0.14 (very precise) /Black=0.30.  Mistake:       	White=2     	Black=6      Inaccurate:     	White=3     	Black=3      OK:         	White=18    	Black=10     Best:        	White=4     	Black=1} 1-0

[Event "Indian Rapid Championship 2023-24"]
[Site "Nashik"]
[Date "2024.03.04"]
[Round "1.5"]
[White "Bhogal, Rupesh"]
[Black "Aronyak Ghosh"]
[Result "0-1"]
[ECO "B12"]
[WhiteElo "1705"]
[BlackElo "2517"]
[Annotator "TA"]
[PlyCount "60"]
[EventDate "2024.03.02"]
[EventType "swiss"]
[EventCountry "IND"]
[SourceTitle "playchess.com"]
[Source "ChessBase"]
[SourceQuality "1"]
[TimeControl "900+10"]

1. e4 c6 2. d4 d5 3. f3 g6 4. e5 Bg7 5. Bd3 {[%emt 0:00:06] [#]} c5 $1 6. c3 Nc6 7. Ne2 Qb6 8. O-O (8. Qb3 $11 {keeps the balance.}) 8... cxd4 $17 9. cxd4 Nxe5 (9... Bxe5 10. Kh1 Bg7 (10... Bxd4 11. Nbc3 $15) (10... Nxd4 11. Be3 $16) 11. Nbc3) (9... Nxd4 $6 10. Be3 Nxe2+ 11. Qxe2 $11) 10. Bc2 Nc6 {[%emt 0:01:04] Black is more active.} 11. Be3 Nf6 12. Nbc3 O-O 13. Qd2 Bd7 14. Nf4 e6 15. Nd3 Rfc8 (15... Nxd4 16. Ne5 $16) 16. Ne5 (16. Nc5 $17 {keeps fighting.}) 16... Qd8 (16... Qxb2 $19 17. Rab1 (17. Nxf7 $2 Nb4 $19) 17... Qa3) 17. Bg5 Be8 18. Ng4 {[%emt 0:00:38] [#]} (18. Rab1 $17 {was necessary.}) 18... h5 (18... Nxd4 $1 $19 {[%cal Od8b6] Strongly threatening ...Qb6!} 19. Bd3 (19. Qxd4 $2 {too greedy.} Nxg4 20. Qxg4 Qb6+ 21. Kh1 Qxb2 $19) 19... Qb6 20. Nxf6+ Bxf6) 19. Ne5 (19. Nxf6+ $17 Bxf6 20. Bxf6 Qxf6 21. Ne2) 19... Qb6 20. Be3 (20. Nxc6 $142 Bxc6 (20... Rxc6 21. Rab1 $17) 21. a4) 20... Qxb2 $19 21. Rab1 Qa3 22. Rxb7 $2 (22. Nxc6 Rxc6 23. Rb3) 22... Nxe5 23. Rb3 Nc4 24. Rxa3 Nxd2 25. Bxd2 Nd7 26. Be3 Nb6 {[%emt 0:00:02] Hoping for ...Nc4.} 27. Bd3 Nc4 28. Bxc4 Rxc4 29. Ne2 Rc2 30. Rc1 $2 (30. Nc1) 30... Rxe2 {[%emt 0:00:10] Weighted Error Value: White=0.50/Black=0.16 (very precise) .  Mistake:       	White=7     	Black=2      OK:         	White=6     	Black=14     Best:        	White=2     	Black=3} 0-1

[Event "Indian Rapid Championship 2023-24"]
[Site "Nashik"]
[Date "2024.03.04"]
[Round "1.6"]
[White "Prraneeth Vuppala"]
[Black "Jagesia Daksh"]
[Result "1-0"]
[ECO "A06"]
[WhiteElo "2506"]
[BlackElo "1718"]
[Annotator "TA"]
[PlyCount "73"]
[EventDate "2024.03.02"]
[EventType "swiss"]
[EventCountry "IND"]
[SourceTitle "playchess.com"]
[Source "ChessBase"]
[SourceQuality "1"]
[TimeControl "900+10"]

1. Nf3 c5 2. e3 d5 3. b3 Nf6 4. Bb2 Nbd7 5. Be2 Qc7 6. d4 e6 7. O-O b6 8. c4 {[%emt 0:00:14] White is slightly better.} Bb7 9. Nc3 a6 (9... Be7 $14 {is superior.}) 10. cxd5 $16 exd5 11. Rc1 Bd6 12. h3 Rc8 13. dxc5 bxc5 14. Nh4 O-O 15. Nf5 Nb6 {[%emt 0:00:25] [#] Black is on the road to losing.} (15... Rfe8 $14) 16. Na4 $1 {[%emt 0:02:37] aiming for Bxf6. White is more active.} (16. Nxd6 Qxd6 17. Re1 Nbd7 $16) 16... Ne8 (16... Nbd7 $16 {was called for.} 17. Bg4 h5) 17. Nxb6 Qxb6 18. Bf3 Rd8 19. Qc2 ({Stronger than} 19. Bxd5 Bxd5 20. Qxd5 Bh2+ 21. Kxh2 Rxd5 $11) 19... f6 20. Nxd6 Nxd6 21. Qxc5 Qxc5 22. Rxc5 Ne4 23. Rc7 Ba8 24. Rfc1 Rf7 25. Rxf7 Kxf7 26. Rc7+ Kg6 27. Bd4 Ng5 28. Be2 Ne6 29. Bd3+ {[%emt 0:00:07] A strong pair of Bishops.} Kh6 30. Ra7 Nxd4 31. exd4 $18 {[%emt 0:00:02][%mdl 4096] Endgame. KRB-KRB} Re8 32. Kh2 {[%emt 0:00:15] White is clearly winning.} ({Not} 32. Rxa6 Bb7 $18) ({Much less strong is} 32. Bxa6 Re1+ 33. Kh2 Bc6 $18) 32... g6 33. Rxa6 Kg7 34. Ra7+ Kh6 35. b4 Rb8 36. b5 Bb7 37. a4 {[%emt 0:00:06] Weighted Error Value: White=0.09 (flawless) /Black=0.37.  Mistake:       	---       	Black=3      Inaccurate:     	White=2     	Black=2      OK:         	White=16    	Black=4      Strong:       	White=1     	---} 1-0

[Event "Indian Rapid Championship 2023-24"]
[Site "Nashik"]
[Date "2024.03.04"]
[Round "1.7"]
[White "Sahil Bheron"]
[Black "Raja Rithvik R"]
[Result "0-1"]
[ECO "D05"]
[WhiteElo "1774"]
[BlackElo "2532"]
[Annotator "TA"]
[PlyCount "64"]
[EventDate "2024.03.02"]
[EventType "swiss"]
[EventCountry "IND"]
[SourceTitle "playchess.com"]
[Source "ChessBase"]
[SourceQuality "1"]
[TimeControl "900+10"]

1. d4 Nf6 2. Nf3 d5 3. e3 e6 4. Bd3 Bd6 5. O-O O-O 6. b3 b6 7. Bb2 Bb7 8. Ne5 Nbd7 9. f4 Ne4 10. Nd2 Ndf6 11. Rc1 c5 12. Ndf3 cxd4 {[%emt 0:01:04] The position is equal.} 13. exd4 Qe7 14. c4 Rac8 15. Rc2 g6 16. g4 (16. g3 $11) 16... Ne8 $15 {[%emt 0:02:18] Hoping for ...f6.} 17. cxd5 {[%emt 0:04:07] Rxc8 would now be deadly.} exd5 {[%emt 0:01:01] White must now prevent ...f6.} 18. Rxc8 Bxc8 19. Qc2 Ng7 20. Bxe4 dxe4 21. Qxe4 {[%emt 0:00:04][%mdl 8192] [#] This move loses the game for White.} (21. Ng5 $1 $11 {and White is okay.}) 21... f6 $1 $19 22. h3 Bb7 {[%emt 0:01:59] Dodges Qd5+} 23. d5 Rd8 24. Rd1 Ne8 25. Qc4 fxe5 26. fxe5 Bc5+ 27. Kg2 {[%emt 0:00:03] [#]} b5 $1 28. Qe4 (28. Qe2 $142) (28. Qc3 Bxd5) 28... Nf6 29. Qf4 Nxd5 30. Rxd5 Bxd5 {[%emt 0:00:00] This pair of bishops is nice.} 31. e6 Qxe6 32. Qh6 Qe2+ {[%emt 0:00:07] Weighted Error Value: White=1.10/Black=0.08 (flawless) .  Loses game:     	White=1     	---        Mistake:       	White=2     	---        Inaccurate:     	White=2     	Black=1      OK:         	White=3     	Black=5      Best:        	White=1     	---        Strong:       	---       	Black=1} 0-1

[Event "Indian Rapid Championship 2023-24"]
[Site "Nashik"]
[Date "2024.03.04"]
[Round "1.8"]
[White "Moksh Amit Doshi"]
[Black "Sagar Siya"]
[Result "1-0"]
[ECO "A16"]
[WhiteElo "2353"]
[BlackElo "1819"]
[Annotator "TA"]
[PlyCount "49"]
[EventDate "2024.03.02"]
[EventType "swiss"]
[EventCountry "IND"]
[SourceTitle "playchess.com"]
[Source "ChessBase"]
[SourceQuality "1"]
[TimeControl "900+10"]

1. Nf3 Nf6 2. c4 g6 3. Nc3 d5 4. cxd5 Nxd5 5. Qb3 Nxc3 (5... Nb6 $1 $11) 6. dxc3 (6. Qxc3 $16 Rg8 7. e4) 6... Bg7 7. e4 O-O 8. Be2 {[%emt 0:00:02] White is slightly better.} Nc6 9. O-O Na5 10. Qa4 {[%emt 0:00:10][%cal Of1d1] [#] And now Rd1! would win.} c5 11. Be3 Qc7 12. Rfd1 Be6 13. Ng5 {[%emt 0:00:26] Strongly threatening Nxe6.} Bc8 14. Rac1 {[%emt 0:00:30] White has more active pieces.} h6 15. Nf3 $36 {[%emt 0:00:02][%mdl 2048] White is pushing.} a6 (15... b6 $11 {should be considered.}) 16. b4 $14 b5 $2 {[%emt 0:00:03][%mdl 8192] [#] This move loses the game for Black.} (16... Nc6 $16) 17. Qxa5 $18 {[%emt 0:00:08] White is clearly winning.} Qb7 18. Bxc5 Be6 19. Nd4 Bc4 20. Bxc4 bxc4 21. f3 Rfd8 22. Qb6 Qd7 23. Re1 Rdb8 24. Qa5 Rb5 25. Nxb5 {[%emt 0:00:06] Weighted Error Value: White=0.24 (precise) /Black=0.68.  Loses game:     	---       	Black=1      Mistake:       	---       	Black=1      Inaccurate:     	White=2     	Black=3      OK:         	White=7     	Black=4      Best:        	White=1     	---} 1-0

[Event "Indian Rapid Championship 2023-24"]
[Site "Nashik"]
[Date "2024.03.04"]
[Round "1.9"]
[White "Swara Lakshmi S Nair"]
[Black "Sriram, Jha"]
[Result "0-1"]
[ECO "B07"]
[WhiteElo "1863"]
[BlackElo "2312"]
[Annotator "TA"]
[PlyCount "106"]
[EventDate "2024.03.02"]
[EventType "swiss"]
[EventCountry "IND"]
[SourceTitle "playchess.com"]
[Source "ChessBase"]
[SourceQuality "1"]
[TimeControl "900+10"]

1. e4 d6 2. d4 Nf6 3. Nc3 c6 4. Be3 Qa5 5. f3 e5 6. Qd2 Be7 7. Nge2 O-O 8. Nc1 (8. g4 $14) 8... b5 9. Nb3 Qc7 10. a3 a6 11. Be2 c5 12. dxe5 (12. d5 $11) 12... dxe5 $17 {[%emt 0:00:01] Strongly threatening ...c4.} 13. O-O c4 {[%emt 0:01:25][%cal Of8d8] [#] White must now prevent ...Rd8!} 14. Nc1 Rd8 15. Qe1 Bc5 ({Better is} 15... Nc6 $17 16. Rf2 Be6) 16. Qf2 (16. Bxc5 $11 {remains equal.} Qxc5+ 17. Rf2) 16... Bd4 {[%emt 0:00:59] Black is more active.} (16... Bxe3 $17 17. Qxe3 Nc6) 17. N1a2 $15 Qa7 (17... Bxe3 $17 18. Qxe3 Nc6) 18. Nd1 Nc6 19. Nb4 Bb7 20. c3 Bxe3 21. Nxe3 Nxb4 22. axb4 Rd2 23. Rfb1 Rad8 24. Nf1 Qxf2+ 25. Kxf2 R2d7 {[%emt 0:00:29] [#]} (25... R2d6 $1 $14) 26. Rd1 (26. b3 $1 $16 ) 26... Kf8 27. Rxd7 Nxd7 28. Rd1 Ke7 29. Ne3 g6 30. Rd2 Ra8 31. Bd1 Nb6 32. b3 Rc8 33. bxc4 bxc4 (33... Nxc4 $11 34. Rc2 Nxe3 35. Kxe3 f5) 34. Be2 f6 35. g3 Rc7 36. Ra2 Ke6 (36... h5 $16 {might work better.} 37. h4 Ke8) 37. Ra5 $18 Kd6 38. b5 $2 (38. h4 $18) 38... Rc5 $17 39. bxa6 ({Much worse is} 39. Ng4 axb5 (39... Rxb5 40. Ra2 $15) 40. Ke1 Ke7 $17) ({White should try} 39. h4 $15) 39... Rxa5 $19 40. axb7 Kc7 41. Nxc4 Nxc4 42. Bxc4 Kxb7 {[%emt 0:00:30][%mdl 4096] Endgame. KR-KB} 43. g4 $2 (43. Bg8 {was necessary.}) 43... Kb6 44. Bd5 (44. Bg8 {keeps fighting.} Ra7 45. Ke2) 44... Kc5 (44... Ra3 $142 {[%cal Og6g5] Hoping for ...g5!} 45. Bg8 h6 (45... Rxc3 $2 46. Bxh7 g5 47. Bf5 $17)) 45. Kg3 $2 (45. h4) 45... g5 46. h4 Ra3 47. hxg5 fxg5 (47... Rxc3 $2 {too greedy.} 48. gxf6 Kd6 49. g5 $16) 48. c4 Ra2 49. Bg8 h6 50. Bd5 Rc2 51. Bf7 Kd4 52. Bd5 Ke3 53. Be6 Rf2 {[%emt 0:00:17] Weighted Error Value: White=0.67/Black=0.26 (precise) .  Missed win:     	White=1     	---        Mistake:       	White=8     	Black=7      Inaccurate:     	White=2     	Black=3      OK:         	White=11    	Black=10     Best:        	White=1     	Black=3} 0-1

[Event "Indian Rapid Championship 2023-24"]
[Site "Nashik"]
[Date "2024.03.04"]
[Round "1.10"]
[White "Neelotpal, Das"]
[Black "Srikara Darbha"]
[Result "1-0"]
[ECO "E60"]
[WhiteElo "2355"]
[BlackElo "1608"]
[Annotator "TA"]
[PlyCount "51"]
[EventDate "2024.03.02"]
[EventType "swiss"]
[EventCountry "IND"]
[SourceTitle "playchess.com"]
[Source "ChessBase"]
[SourceQuality "1"]
[TimeControl "900+10"]

1. d4 Nf6 2. c4 g6 3. h4 Bg7 4. Nc3 d6 5. e4 Nc6 6. Nge2 O-O 7. Ng3 h5 8. Bg5 {[%emt 0:00:25] The position is equal.} Nh7 9. Be3 e5 10. d5 Nd4 11. Qd2 Bf6 ({Better is} 11... c5 $15) 12. O-O-O (12. Nge2 $11) 12... c5 $15 13. dxc6 bxc6 14. Nge2 c5 15. Nd5 Bxh4 16. Nec3 Be6 17. Be2 Be7 (17... Bg5 $15 18. g3 Bxe3 19. Nxe3 Qg5) 18. Kb1 (18. Bxh5 $1 $14 gxh5 19. Rxh5) 18... f5 (18... Bg5 $142) 19. exf5 $11 Bxf5+ 20. Bd3 {[%emt 0:00:04] [#] Bxf5 is the strong threat.} Qd7 21. f3 {[%emt 0:00:57] White is more active.} Rf7 22. Ne4 {[%emt 0:03:33] Strongly threatening Bxd4.} Bf8 $2 {[%emt 0:00:39][%mdl 8192] This costs Black the game.} (22... Be6 $1 $11 {and Black is okay.}) 23. Bxd4 $18 {[%emt 0:00:15] White is clearly winning.} exd4 24. g4 hxg4 {[%emt 0:00:21] [#]} (24... Bxe4 $142 25. Bxe4 Bg7 26. Bxg6 (26. gxh5 g5 $18) 26... Nf6) 25. Rxh7 $1 Bxe4 (25... Bg7 26. Rxg7+) 26. Nf6+ {[%emt 0:00:01] Weighted Error Value: White=0.18 (very precise) /Black=0.46.  Loses game:     	---       	Black=1      Mistake:       	White=2     	Black=4      Inaccurate:     	White=3     	---        OK:         	White=8     	Black=8      Best:        	White=2     	---        Brilliant:      	White=1     	---} 1-0